 Dungeon Crawl Stone Soup version 0.27-a0-32-g443bf2d2ca (webtiles) character file.

Game seed: 1700134127101973315

153 DocSulfur the Ruffian (level 5, -6/42 HPs)
             Began as a Draconian Transmuter on Jan 4, 2021.
             Was a Follower of Qazlal.
             Killed from afar by an orc wizard (8 damage)
             ... with a puff of flame
             ... on level 3 of the Dungeon.
             The game lasted 00:07:30 (2929 turns).

DocSulfur the Ruffian (Draconian Transmuter)        Turns: 2929, Time: 00:07:31

Health: -6/42      AC:  6    Str: 14    XL:     5   Next: 12%
Magic:  8/8        EV: 12    Int: 13    God:    Qazlal [*.....]
Gold:   164        SH:  1    Dex: 11    Spells: 6/9 levels left

rFire    . . .     SeeInvis .     - Unarmed
rCold    . . .     Faith    .   (no shield)
rNeg     . . .     Spirit   .   (armour unavailable)
rPois    .         Reflect  .   (helmet restricted)
rElec    .         Harm     .   (no cloak)
rCorr    .         Rampage  .   c - +0 pair of gloves
Will     .....                  (no boots)
Stlth    +.........             (no amulet)
HPRegen  0.14/turn              (no ring)
MPRegen  0.11/turn              (no ring)

@: no status effects
A: unfitting armour, cold-blooded, AC +5
a: Renounce Religion


You were on level 3 of the Dungeon.
You worshipped Qazlal.
Qazlal was aware of your devotion.
You visited 1 branch of the dungeon, and saw 3 of its levels.

You collected 164 gold pieces.

Inventory:

Missiles
 k - 5 poisoned darts
Armour
 c - a +0 pair of gloves (worn)
Jewellery
 b - a +4 ring of evasion {unknown}
Scrolls
 d - 2 scrolls of identify {unknown}
 e - 5 scrolls of remove curse {unknown}
 g - a scroll of random uselessness {unknown}
 h - 4 scrolls of noise {unknown}
 i - a scroll of enchant weapon {unknown}
 j - 3 scrolls of enchant armour {unknown}
Potions
 f - a potion of flight {unknown}


   Skills:
 + Level 2.3 Fighting
 - Level 1.7 Dodging
 * Level 4.2 Unarmed Combat
 + Level 2.6 Spellcasting
 * Level 3.3 Transmutations


You had 6 spell levels left.
You knew the following spells:

 Your Spells              Type           Power        Failure   Level
a - Beastly Appendage     Tmut           20%          6%          1
b - Wereblood             Tmut           10%          10%         2

Your spell library contained the following spells:

 Spells                   Type           Power        Failure   Level
 Spider Form              Tmut/Pois      3%           36%         3
 Ice Form                 Ice/Tmut       6%           77%         4
 Blade Hands              Tmut           5%           86%         5


Dungeon Overview and Level Annotations

Branches:
Dungeon (3/15)

Altars:
Fedhas
Qazlal


Innate Abilities, Weirdness & Mutations

Your plain brown scales are hard. (AC +5)
You cannot fit into any form of body armour.
You are cold-blooded and may be slowed by cold attacks.


Message History

You hit the rat.
You kill the rat!
Qazlal accepts your kill. The orc hits you.
* * * LOW HITPOINT WARNING * * *
Something hits you but does no damage. Something hits you but does no damage.
Items here: ) [ ††.
You barely miss something. The orc barely misses you.
You hit the orc but do no damage.
The orc is almost dead.
Something barely misses you. The orc closely misses you.
You barely miss the orc.
The orc is almost dead.
Something hits you.
* * * LOW HITPOINT WARNING * * *
The orc closely misses you.
A puff of flame appears from out of thin air!
The puff of flame hits you!
You die...

#. #.# .. ####.##########
#.# .# #.............# #.#
.# .##.....#######.###.# .#
........# #.....# .#
........# #.###.# .##
#.....#####
#.###.####..#####
#.o.†...###.##...))........
#.#####).†@..)o##o##.......
# #####....#o..#.##.##.
#.##.{o....# .#
#.##.#...#....
#.##.##...#....
#.......#...#.#
....##.#...#. . ###. .
.#...# #. ..#..


You could see 2 orcs.

Vanquished Creatures
  An orc wizard (D:3)
  3 adders
  An ooze (D:2)
  3 worms (D:2)
  3 dart slugs
  3 leopard geckos (D:2)
  5 orcs (D:3)
  A giant cockroach (D:1)
  13 goblins
  7 hobgoblins
  A ball python (D:2)
  11 bats
  5 frilled lizards
  6 kobolds
  10 rats
73 creatures vanquished.

Vanquished Creatures (others)
  8 plants (D:2)
8 creatures vanquished.

Grand Total: 81 creatures vanquished

Notes
Turn   | Place    | Note
-------+----------+-------------------------------------------
     0 | D:1      | DocSulfur the Draconian Transmuter began the quest for the
                  | Orb.
     0 | D:1      | Reached XP level 1. HP: 16/16 MP: 3/3
   328 | D:1      | Reached XP level 2. HP: 22/23 MP: 3/5
  1504 | D:2      | Reached XP level 3. HP: 24/28 MP: 4/6
  1816 | D:2      | Found a stormy altar of Qazlal.
  1816 | D:2      | Found a blossoming altar of Fedhas.
  1827 | D:2      | Became a worshipper of Qazlal Stormbringer
  1923 | D:2      | Reached XP level 4. HP: 28/36 MP: 7/7
  2460 | D:2      | Found a faded altar of an unknown god.
  2463 | D:2      | Reached * piety under Qazlal
  2464 | D:2      | Reached skill level 4 in Unarmed Combat
  2882 | D:3      | Learned a level 2 spell: Wereblood
  2905 | D:3      | Reached XP level 5. HP: 12/42 MP: 6/8
  2909 | D:3      | HP: 1/42 [orc (2)]
  2922 | D:3      | HP: 1/42 [something (4)]
  2929 | D:3      | Killed from afar by an orc wizard

Illustrated notes

Levels and vault maps discovered:
D:1:      dpeg_arrival_round_c, layout_basic
D:2:      layout_rooms, grunt_temple_overflow_forces_of_nature,
          chequers_ecumenical_altar_simple_redux, serial_bayou_crossing
D:3:      layout_loops_ring, hangedman_decor_clover_reticule

Skill      XL: |  1  2  3  4 |
---------------+-------------+-----
Fighting       | 2 |  2.3
Transmutations | 3 |  3.3
Unarmed Combat | 4 |  4.2
Dodging        | |  1.7
Spellcasting   | |  2.6

Action                   |  1- 3 |  4- 6 || total
-------------------------+-------+-------++-------
Melee: Unarmed           |   114 |    92 ||   206
       Headbutt          |     9 |     5 ||    14
       Kick              |    14 |     9 ||    23
       Tailslap          |     8 |     6 ||    14
       Punch             |     1 |       ||     1
 Cast: Beastly Appendage |    30 |    20 ||    50
       Wereblood         |       |     1 ||     1
  Use: Potion            |     3 |     1 ||     4
Armor: Skin              |    46 |    36 ||    82
Dodge: Dodged            |   100 |    95 ||   195
Block: Other             |       |     2 ||     2

Table legend: (Time is in decaauts)
 A = Elapsed time spent in this place.
 B = Non-inter-level travel time spent in this place.
 C = Inter-level travel time spent in this place.
 D = Time resting spent in this place.
 E = Time spent auto-exploring this place.
 F = Levels seen in this place.
 G = Mean time per level.
                   A        B        C        D        E       F      G
               +--------+--------+--------+--------+--------+-----+--------+
         Total |   2923 |   2857 |     66 |      0 |   2311 |   3 |  974.3 |
       Dungeon |   2923 |   2857 |     66 |      0 |   2311 |   3 |  974.3 |
               +--------+--------+--------+--------+--------+-----+--------+

Top non-repeatable levels by time:
     D:1: 1496 daAuts
     D:2: 1147 daAuts
     D:3: 279 daAuts
